 Dungeon Sprint DCSS version 0.19-b1-4-gd8a0a2a (webtiles) character file.

18 LORDOFBUTT the Chopper (level 2, -3/27 HPs)
             Began as a Hill Orc Monk on Oct 31, 2016.
             Was a Believer of Beogh.
             Slain by a slime creature (11 damage)
             ... in the Dungeon (Sprint V: "Ziggurat Sprint").
             The game lasted 00:01:36 (189 turns).

LORDOFBUTT the Chopper (Hill Orc Monk)               Turns: 189, Time: 00:01:36

Health: -3/27      AC: 17    Str: 25    XL:     2   Next: 66%
Magic:  3/3        EV:  4    Int: 10    God:    Beogh [**....]
Gold:   0          SH:  0    Dex: 13    Spells: 0 memorised, 1 level left

rFire  + . .     SeeInvis .     I - +5 executioner's axe
rCold  + . .     Gourm    .     J - +5 gold dragon scales
rNeg   . . .     Faith    .     (shield currently unavailable)
rPois  +         Spirit   .     (no helmet)
rElec  .         Reflect  .     (no cloak)
rCorr  .         Harm     .     (no gloves)
MR     .....     NoTele   +     (no boots)
Stlth  ..........               (no amulet)
                                G - +6 ring of strength
                                H - +6 ring of strength

@: confused
A: no striking features
a: Smiting, Renounce Religion


You were in the Dungeon.
You worshipped Beogh.
Beogh was pleased with you.
You were not hungry.

You visited 1 branch

Inventory:

Hand Weapons
 a - a +0 hand axe
 I - a +5 executioner's axe (weapon)
Armour
 J - +5 gold dragon scales (worn)
Jewellery
 C - a +6 ring of dexterity
 D - a +6 ring of dexterity
 E - a +6 ring of intelligence
 F - a +6 ring of intelligence
 G - a +6 ring of strength (right hand)
 H - a +6 ring of strength (left hand)
Wands
 y - a wand of disintegration (7/24)
 z - a wand of iceblast (5/15)
 A - a wand of lightning (5/15)
 B - a wand of acid (5/15)
Scrolls
 i - 4 scrolls of blinking
 p - 4 scrolls of amnesia
 q - 3 scrolls of recharging
 r - 7 scrolls of fog
 s - a scroll of holy word
 t - 5 scrolls of identify
 u - 5 scrolls of remove curse
 v - 2 scrolls of fear
Potions
 d - 10 potions of curing
 e - 10 potions of heal wounds
 f - 6 potions of haste
 g - 7 potions of magic
 h - 3 potions of berserk rage
 j - 2 potions of brilliance
 k - 2 potions of invisibility
 l - 4 potions of resistance
 m - a potion of experience
 n - 5 potions of agility
 o - 5 potions of might
Comestibles
 c - 5 bread rations
 w - 42 fruits
 x - 4 meat rations


   Skills:
 + Level 4.2 Fighting
 * Level 5.6 Axes
 + Level 3.0 Dodging
 - Level 1.5 Stealth
 * Level 1.1 Invocations
 - Level 2.4 Evocations


You had one spell level left.
You didn't know any spells.

Dungeon Overview and Level Annotations

Branches:
Dungeon (1/1)

Altars:
Ashenzari
Cheibriados
Dithmenos
Elyvilon
Fedhas
Gozag
Hepliaklqana
Kikubaaqudgha
Makhleb
Nemelex Xobeh
Okawaru
Qazlal
Ru
Sif Muna
Trog
Uskayaw
Vehumet
Xom
Yredelemnul
Zin
The Shining One
Beogh
Jiyva
Lugonu


Message History

You are more confused.
The slime creature hits you.
The golden eye blinks! x2
You're too confused to move!
The golden eye blinks at you.
You are more confused.
The slime creature hits you.
The golden eye blinks!
You slice the slime creature!!
The slime creature is heavily wounded.
The slime creature hits you!
* * * LOW HITPOINT WARNING * * *
The golden eye blinks at you.
You are more confused.
The slime creature hits you but does no damage.
You bump into the unnaturally hard rock wall.
The golden eye blinks at you.
You are more confused.
The slime creature hits you!
You die...

▓▓▓▓▓▓▓▓▓▓▓▓▓
▓.8©8.▓.8©8.▓
▓.)"|.▓.....▓
▓....@▓.).[.▓
▓...GJ▓.....▓
▓..§..▓.....▓
▓.....▓.....▓
▓.....▓▓▓▓▓▓▓
▓▓▓▓▓▓▓


You could see a slime creature and a golden eye.

Vanquished Creatures
  A white imp (D)
  An ufetubus (D)
  An ooze (D)
3 creatures vanquished.

Notes
Turn   | Place    | Note
-------+----------+-------------------------------------------
     0 | D        | LORDOFBUTT the Hill Orc Monk began the quest for the Orb.
     0 | D        | Reached XP level 1. HP: 19/19 MP: 1/1
     0 | D        | Found a deep blue altar of Sif Muna.
     0 | D        | Found a bloodstained altar of Trog.
     0 | D        | Found a sacrificial altar of Ru.
     0 | D        | Found a stormy altar of Qazlal.
     0 | D        | Found an iron altar of Okawaru.
     1 | D        | Found a sparkling altar of Nemelex Xobeh.
     1 | D        | Found a blossoming altar of Fedhas.
     3 | D        | Found an ancient bone altar of Kikubaaqudgha.
     3 | D        | Found a viscous altar of Jiyva.
     3 | D        | Found a corrupted altar of Lugonu.
     3 | D        | Found a hazy altar of Hepliaklqana.
     3 | D        | Found a burning altar of Makhleb.
     3 | D        | Found an opulent altar of Gozag.
    45 | D        | Became a worshipper of Beogh the Brigand
    45 | D        | Reached * piety under Beogh
    45 | D        | Reached ** piety under Beogh
   103 | D        | Entered arena 1.
   106 | D        | Reached skill level 1 in Evocations
   110 | D        | Reached skill level 5 in Axes
   110 | D        | Reached XP level 2. HP: 21/27 MP: 1/3
   175 | D        | Entered arena 2.
   175 | D        | Noticed a slime creature
   175 | D        | Noticed a golden eye
   180 | D        | Reached skill level 1 in Invocations
   189 | D        | Slain by a slime creature

Skill      XL: |  1  2 |
---------------+-------+-----
Evocations     | 2 |  2.4
Fighting       | 4 |  4.2
Axes           | 5 |  5.6
Dodging        | 3 |  3.0
Invocations    | 1 |  1.1
Stealth        | |  1.5

Action                   || total
-------------------------++-------
Melee: Executioner's axe ||     8
Armor: Gold dragon scale ||    18
Dodge: Dodged            ||     4
